 Dungeon Crawl Stone Soup version 0.29.1-15-g9cfb28693d (webtiles) character file.

Game seed: 17049372810766101402

27 Eitelfritz the Trooper (level 2, 0/42 HPs)
             Began as a Minotaur Berserker on Mar 10, 2023.
             Was a Follower of Trog.
             Slain by an adder (2 damage)
             ... on level 2 of the Dungeon.
             The game lasted 00:01:22 (708 turns).

Eitelfritz the Trooper (Minotaur Berserker)          Turns: 708, Time: 00:01:22

Health: 0/42       AC:  9    Str: 21    XL:     2   Next: 93%
Magic:  1/1        EV:  8    Int:  4    God:    Trog [*.....]
Gold:   93         SH:  0    Dex:  9    Spells: 1/1 levels left

rFire   . . .      SeeInvis .   a - +0 hand axe
rCold   . . .      Faith    .   (no shield)
rNeg    . . .      Spirit   .   d - +0 chain mail
rPois   .          Reflect  .   (helmet restricted)
rElec   .          Harm     .   (no cloak)
rCorr   .          Rampage  .   (no gloves)
Will    .....                   (no boots)
Stlth   ..........              (no amulet)
HPRegen 0.14/turn               (no ring)
MPRegen 0.07/turn               (no ring)

@: berserking, lethally poisoned (0 -> -10), very quick
A: horns 2, retaliatory headbutt
a: Renounce Religion, Berserk


You were on level 2 of the Dungeon.
You worshipped Trog.
Trog was aware of your devotion.
You visited 1 branch of the dungeon, and saw 2 of its levels.

You collected 93 gold pieces.

Inventory:

Hand Weapons
 a - a +0 hand axe (weapon)
 b - a +2 falchion of electrocution
Armour
 d - a +0 chain mail (worn)
Potions
 c - a potion of might {unknown}
 e - a potion of curing {unknown}


   Skills:
 + Level 4.3 Fighting
 + Level 4.1 Axes
 + Level 2.7 Armour
 + Level 2.2 Dodging


You had one spell level left.
You didn't know any spells.
Your spell library was empty.

Dungeon Overview and Level Annotations

Branches:
Dungeon (2/15)

Altars:


Innate Abilities, Weirdness & Mutations

You have a pair of horns on your head.
You reflexively headbutt those who attack you in melee.


Message History

The rat is moderately wounded.
You barely miss the adder. You hit the adder.
You feel sick. The adder closely misses you. The adder bites you.
You are more poisoned.
The adder poisons you! The rat closely misses you.
The adder closely misses you. You furiously retaliate!
You headbutt the adder.
Unknown command.
You closely miss the adder.
The adder is heavily wounded.
You hit the adder. You closely miss the rat.
You feel sick. The adder closely misses you. The adder bites you.
You are more poisoned.
The adder poisons you! The rat bites you but does no damage.
Unknown command.
You fail to use your ability.
You feel very sick. The adder bites you but does no damage.
The adder barely misses you. You furiously retaliate!
You headbutt the adder. The rat bites you.
The adder bites you but does no damage.
Unknown command.
You fail to use your ability.
You feel sick. The adder bites you but does no damage. The adder bites you.
* * * LOW HITPOINT WARNING * * *
You are more poisoned.
The adder poisons you! The rat bites you.
* * * LOW HITPOINT WARNING * * *
The adder closely misses you.
A red film seems to cover your vision as you go berserk!
You feel yourself moving faster!
You feel mighty!
* * * LOW HITPOINT WARNING * * *
You feel very sick. The adder bites you but does no damage.
The adder completely misses you. The rat bites you.
* * * LOW HITPOINT WARNING * * *
You miss the adder.
The adder is severely wounded.
You closely miss the rat. You barely miss the adder.
* * * LOW HITPOINT WARNING * * *
You feel sick. The adder barely misses you. The adder bites you.
You die...

#.######### #.#
#.#.......# #.#
#.#....>..# #.#
## #.#.......#
#.#
#...#.#†...<..#
#.#
#....††......#
##.#
#.##.#...!...#
#..#
#....#.......#
#.##
#.##...@r.####
#.# # #...SS>.#
#.#
.............
#.#
#.##..##..####
#.##### # ..).
...# #...<..
#.#.. ...#
####### .....
.... #...#
##.#. ..##
#####


You could see 2 adders and a rat.

Vanquished Creatures
  2 dart slugs (D:1)
  4 bats (D:1)
  An endoplasm (D:2)
  A giant cockroach (D:2)
  4 hobgoblins (D:1)
  3 jackals (D:2)
  A quokka (D:1)
  2 ball pythons (D:1)
  3 frilled lizards
  A rat (D:2)
22 creatures vanquished.

Notes
Turn   | Place    | Note
-------+----------+-------------------------------------------
     0 | D:1      | Eitelfritz the Minotaur Berserker began the quest for the
                  | Orb.
     0 | D:1      | Reached XP level 1. HP: 19/19 MP: 0/0
   159 | D:1      | Reached XP level 2. HP: 27/27 MP: 1/1
   708 | D:2      | HP: 2/42 [poisoned by an adder]
   708 | D:2      | Slain by an adder

Illustrated notes

Levels and vault maps discovered:
D:1:      tarquinn_simple_flora_water_c, layout_rooms, nrook_mini_backslash
D:2:      layout_loops_cross, serial_aquarium, aquarium_bridge_long_joined
          [aquarium_subvault_wall, aquarium_subvault_wall,
          aquarium_subvault_bridge, aquarium_subvault_window,
          aquarium_subvault_bridge, aquarium_subvault_bridge],
          aquarium_bridge_straight [aquarium_subvault_bridge,
          aquarium_subvault_window, aquarium_subvault_bridge,
          aquarium_subvault_wall], aquarium_window_fake, aquarium_window_fake,
          aquarium_window_fake, aquarium_view_2c, aquarium_balcony_double_4

Skill      XL: |  1  2 |
---------------+-------+-----
Fighting       | 4 |  4.3
Axes           | 4 |  4.1
Armour         | |  2.7
Dodging        | |  2.2

Action                   || total
-------------------------++-------
Melee: Hand axe          ||    53
       Headbutt          ||     5
Invok: Berserk           ||     1
Armor: Animal skin       ||     2
       Chain mail        ||    26
Dodge: Dodged            ||    43
